ITL
WABA DUCKS @ ALLENTOWN HILLBILLIES
09/30/2025
 
TOP OF THE 1ST
Waba Ducks batting - Pitching for Allentown Hillbillies : RHP Okura Oike
Pitching: RHP Okura Oike
Batting: RHB Don Keating 0-0: Fly out, F7 (Line Drive, 7M)
Batting: LHB Javier Orozco 0-0: Called Strike
0-1: Ball
1-1: Ball
2-1: Ground out 1-3 (Groundball, 15)
Batting: RHB Chris Osborn 0-0: Called Strike
0-1: Ball
1-1: SINGLE (Line Drive, 6D)
Batting: LHB Terry White 0-0: Foul Ball, location: 2F
0-1: Swinging Strike
0-2: Strikes out looking
Top of the 1st over - 0 run(s), 1 hit(s), 0 error(s), 1 left on base; Waba 0 - Allentown 0
BOTTOM OF THE 1ST
Allentown Hillbillies batting - Pitching for Waba Ducks : LHP Jaime Guzmán
Pitching: LHP Jaime Guzmán
Batting: RHB Chad Huggins 0-0: SOLO HOME RUN (Flyball, 7LD), Distance : 377 ft
Batting: LHB José Esparza 0-0: Ball
1-0: Called Strike
1-1: Ball
2-1: Ball
3-1: Base on Balls
Batting: SHB Oliver Deleón 0-0: Ball
1-0: Ball
2-0: Ball
3-0: Called Strike
3-1: Grounds into double play, 6-4-3 (Groundball, 6)
Batting: RHB Millard Stark 0-0: Ground out 6-3 (Groundball, 6M)
Bottom of the 1st over - 1 run(s), 1 hit(s), 0 error(s), 0 left on base; Waba 0 - Allentown 1
TOP OF THE 2ND
Waba Ducks batting - Pitching for Allentown Hillbillies : RHP Okura Oike
Batting: RHB Ed Small 0-0: Ball
1-0: Called Strike
1-1: Foul Ball, location: 2F
1-2: Ball
2-2: Fly out, F9 (Flyball, 9D)
Batting: RHB Ramón Torres 0-0: SINGLE (Line Drive, 3D)
Batting: RHB Tokuhei Kobayashi 0-0: Called Strike
0-1: Ball
1-1: Foul Ball, location: 2F
1-2: Foul Ball, location: 2F
1-2: Ball
2-2: Strikes out swinging
Batting: RHB Luis González 0-0: Ball
1-0: Called Strike
1-1: Called Strike
1-2: Ball
2-2: Ball
3-2: Foul Ball, location: 2F
3-2: Base on Balls
Ramón Torres to second
Batting: SHB Cisco Álvarez 0-0: Foul Ball, location: 2F
0-1: Ball
1-1: Ball
2-1: Called Strike
2-2: Fly out, F6 (Popup, 6M)
Top of the 2nd over - 0 run(s), 1 hit(s), 0 error(s), 2 left on base; Waba 0 - Allentown 1
BOTTOM OF THE 2ND
Allentown Hillbillies batting - Pitching for Waba Ducks : LHP Jaime Guzmán
Batting: RHB Diego Rivera 0-0: Ball
1-0: Foul Ball, location: 2F
1-1: Ground out 6-3 (Groundball, 6)
Batting: RHB José Mora 0-0: Ball
1-0: Swinging Strike
1-1: Foul Ball, location: 2F
1-2: Ball
2-2: Ball
3-2: Base on Balls
Batting: RHB Bartolo López 0-0: Fly out, F3 (Popup, 3F)
Batting: SHB Juan Acevado 0-0: Ball
1-0: Ball
2-0: Foul Ball, location: 2F
2-1: Called Strike
2-2: Ball
3-2: Foul Ball, location: 2F
3-2: Base on Balls
José Mora to second
Batting: RHB Joel Jackson 0-0: DOUBLE (Flyball, 78XD)
José Mora scores
Juan Acevado to third
Batting: RHB Chad Huggins 0-0: Called Strike
0-1: Ball
1-1: Ball
2-1: Foul Ball, location: 2F
2-2: Fly out, F8 (Flyball, 8RS)
Bottom of the 2nd over - 1 run(s), 1 hit(s), 0 error(s), 2 left on base; Waba 0 - Allentown 2
TOP OF THE 3RD
Waba Ducks batting - Pitching for Allentown Hillbillies : RHP Okura Oike
Batting: RHB Don Keating 0-0: Swinging Strike
0-1: Ground out 6-3 (Groundball, 6)
Batting: LHB Javier Orozco 0-0: Ball
1-0: Ball
2-0: SOLO HOME RUN (Line Drive, 9LD), Distance : 380 ft
Batting: RHB Chris Osborn 0-0: Foul Ball, location: 2F
0-1: Ball
1-1: Foul Ball, location: 2F
1-2: Ball
2-2: Strikes out swinging
Batting: LHB Terry White 0-0: Ground out 6-3 (Groundball, 6M)
Top of the 3rd over - 1 run(s), 1 hit(s), 0 error(s), 0 left on base; Waba 1 - Allentown 2
BOTTOM OF THE 3RD
Allentown Hillbillies batting - Pitching for Waba Ducks : LHP Jaime Guzmán
Batting: LHB José Esparza 0-0: Ball
1-0: Foul Ball, location: 2F
1-1: Ball
2-1: Foul Ball, location: 2F
2-2: Ball
3-2: Fly out, F9 (Flyball, 9M)
Batting: SHB Oliver Deleón 0-0: Foul Ball, location: 2F
0-1: Ball
1-1: Called Strike
1-2: SINGLE (Line Drive, 78M)
Batting: RHB Millard Stark 0-0: Foul Ball, location: 2F
0-1: Ball
1-1: Ball
2-1: Foul Ball, location: 2F
2-2: Ball
3-2: Foul Ball, location: 2F
3-2: Fly out, F4 (Popup, 34)
Batting: RHB Diego Rivera 0-0: Called Strike
0-1: Swinging Strike
0-2: Ball
1-2: Strikes out swinging
Bottom of the 3rd over - 0 run(s), 1 hit(s), 0 error(s), 1 left on base; Waba 1 - Allentown 2
TOP OF THE 4TH
Waba Ducks batting - Pitching for Allentown Hillbillies : RHP Okura Oike
Batting: RHB Ed Small 0-0: Ball
1-0: Foul Ball, location: 2F
1-1: SINGLE (Line Drive, 8LS)
Batting: RHB Ramón Torres 0-0: Called Strike
0-1: Ball
1-1: Ball
2-1: Ball
3-1: Fly out, F9 (Flyball, 89M)
Batting: RHB Tokuhei Kobayashi 0-0: Called Strike
0-1: Fielders Choice at 2nd, 6-4 (Groundball, 6)
Batting: RHB Luis González 0-0: Swinging Strike
0-1: SINGLE (Groundball, 4M)
Tokuhei Kobayashi to second
Batting: SHB Cisco Álvarez 0-0: Called Strike
0-1: Fly out, F8 (Flyball, 8LM)
Top of the 4th over - 0 run(s), 2 hit(s), 0 error(s), 2 left on base; Waba 1 - Allentown 2
BOTTOM OF THE 4TH
Allentown Hillbillies batting - Pitching for Waba Ducks : LHP Jaime Guzmán
Batting: RHB José Mora 0-0: Foul Ball, location: 2F
0-1: Ball
1-1: Ball
2-1: Ball
3-1: Foul Ball, location: 2F
3-2: Foul Ball, location: 2F
3-2: Base on Balls
Batting: RHB Bartolo López 0-0: Swinging Strike
0-1: Ball
1-1: Swinging Strike
1-2: Ball
2-2: Ball
3-2: Base on Balls
José Mora to second
Batting: SHB Juan Acevado 0-0: Called Strike
0-1: Ball
1-1: Foul Ball, location: 2F
1-2: Grounds into double play, 6-4-3 (Groundball, 6)
José Mora to third
Batting: RHB Joel Jackson 0-0: Ball
1-0: Foul Ball, location: 2F
1-1: Ball
2-1: Foul Ball, location: 2F
2-2: Foul Ball, location: 2F
2-2: Foul Ball, location: 2F
2-2: Foul Ball, location: 2F
2-2: Ball
3-2: SINGLE (Groundball, 56D)
José Mora scores
Batting: RHB Chad Huggins 0-0: Ball
1-0: Fielders Choice at 2nd, U4 (Groundball, 4M)
Bottom of the 4th over - 1 run(s), 1 hit(s), 0 error(s), 1 left on base; Waba 1 - Allentown 3
TOP OF THE 5TH
Waba Ducks batting - Pitching for Allentown Hillbillies : RHP Okura Oike
Batting: RHB Don Keating 0-0: Ball
1-0: SINGLE (Groundball, 6D)
Batting: LHB Javier Orozco 0-0: Called Strike
0-1: Ball
1-1: Ball
2-1: Ball
3-1: Base on Balls
Don Keating to second
Batting: RHB Chris Osborn 0-0: Foul Ball, location: 2F
0-1: Called Strike
0-2: Ball
1-2: Fly out, F8 (Flyball, 8LS)
Batting: LHB Terry White 0-0: Called Strike
0-1: Ball
1-1: SINGLE (Groundball, 25) (infield hit)
Don Keating to third
Javier Orozco to second
Batting: RHB Ed Small 0-0: Ball
1-0: Ball
2-0: Called Strike
2-1: Ball
3-1: Fly out, F8 (Flyball, 8RD)
Runner from 3rd tags up, SCORES, no throw
Batting: RHB Ramón Torres 0-0: Ball
1-0: Swinging Strike
1-1: Ground out 4-3 (Groundball, 4)
Top of the 5th over - 1 run(s), 2 hit(s), 0 error(s), 2 left on base; Waba 2 - Allentown 3
BOTTOM OF THE 5TH
Allentown Hillbillies batting - Pitching for Waba Ducks : LHP Jaime Guzmán
Pitching: RHP Will Huggins
Batting: LHB José Esparza 0-0: Ball
1-0: Foul Ball, location: 2F
1-1: Ball
2-1: TRIPLE (Flyball, 89M)
Batting: SHB Oliver Deleón 0-0: Ball
1-0: Swinging Strike
1-1: Foul Ball, location: 2F
1-2: Foul Ball, location: 2F
1-2: Ball
2-2: Foul Ball, location: 2F
2-2: Ball
3-2: Strikes out swinging
Batting: RHB Millard Stark 0-0: Ball
1-0: Foul Ball, location: 2F
1-1: Ball
2-1: Ball
3-1: Ground out 5-3 (Groundball, 56)
José Esparza scores
Batting: RHB Diego Rivera 0-0: Foul Ball, location: 2F
0-1: Ball
1-1: Fly out, F9 (Flyball, 89S)
Bottom of the 5th over - 1 run(s), 1 hit(s), 0 error(s), 0 left on base; Waba 2 - Allentown 4
TOP OF THE 6TH
Waba Ducks batting - Pitching for Allentown Hillbillies : RHP Okura Oike
Batting: RHB Tokuhei Kobayashi 0-0: Bunt for hit - play at first, batter OUT! 1-3
Batting: RHB Luis González 0-0: Ground out 4-3 (Groundball, 4)
Batting: SHB Cisco Álvarez 0-0: Foul Ball, location: 2F
0-1: DOUBLE (Flyball, 78M)
Batting: RHB Don Keating 0-0: SINGLE (Line Drive, 89S)
Cisco Álvarez to third
Runner from 3rd tries for Home, SAFE, no throw or cutoff
Batting: LHB Javier Orozco 0-0: Ball
1-0: Ball
2-0: Ball
3-0: Base on Balls
Don Keating to second
Batting: RHB Chris Osborn 0-0: Swinging Strike
0-1: Swinging Strike
0-2: Strikes out looking
Top of the 6th over - 1 run(s), 2 hit(s), 0 error(s), 2 left on base; Waba 3 - Allentown 4
BOTTOM OF THE 6TH
Allentown Hillbillies batting - Pitching for Waba Ducks : RHP Will Huggins
Batting: RHB José Mora 0-0: Ball
1-0: Fly out, F3 (Popup, 3SF)
Batting: RHB Bartolo López 0-0: Ball
1-0: Called Strike
1-1: Ground out U3 (Groundball, 3L)
Batting: SHB Juan Acevado 0-0: SOLO HOME RUN (Flyball, 89XD), Distance : 389 ft
Batting: RHB Joel Jackson 0-0: Ball
1-0: Called Strike
1-1: Ball
2-1: Ball
3-1: Base on Balls
Batting: RHB Chad Huggins 0-0: Ball
1-0: Foul Ball, location: 2F
1-1: Ball
2-1: Fly out, F7 (Line Drive, 78D)
Bottom of the 6th over - 1 run(s), 1 hit(s), 0 error(s), 1 left on base; Waba 3 - Allentown 5
TOP OF THE 7TH
Waba Ducks batting - Pitching for Allentown Hillbillies : RHP Okura Oike
Pitching: LHP Alejandro Castillo
Batting: LHB Terry White 0-0: Swinging Strike
0-1: Ball
1-1: Foul Ball, location: 2F
1-2: Strikes out swinging
Batting: RHB Ed Small 0-0: Ball
1-0: Ball
2-0: Ball
3-0: Base on Balls
Batting: RHB Ramón Torres 0-0: Foul Ball, location: 2F
0-1: Ball
Throwing error on steal attempt, E2
Ed Small to third
1-1: Foul Ball, location: 2F
1-2: Fly out, F7 (Flyball, 78M)
Runner from 3rd tags up, SCORES, throw made
Batting: RHB Tokuhei Kobayashi 0-0: Foul Ball, location: 2F
0-1: Swinging Strike
0-2: Ball
1-2: Ball
2-2: Strikes out swinging
Top of the 7th over - 1 run(s), 0 hit(s), 1 error(s), 0 left on base; Waba 4 - Allentown 5
BOTTOM OF THE 7TH
Allentown Hillbillies batting - Pitching for Waba Ducks : RHP Will Huggins
Pitching: RHP Martín Ortíz
Batting: LHB José Esparza 0-0: Swinging Strike
0-1: Ball
1-1: Ball
2-1: Foul Ball, location: 2F
2-2: Foul Ball, location: 2F
2-2: Ball
3-2: Foul Ball, location: 2F
3-2: SINGLE (Groundball, 34)
Batting: SHB Oliver Deleón 0-0: Called Strike
0-1: Ball
1-1: Swinging Strike
1-2: Ball
2-2: Ball
3-2: Fly out, F8 (Line Drive, 8LD)
Batting: RHB Millard Stark 0-0: Called Strike
0-1: Ball
1-1: Ball
2-1: Swinging Strike
2-2: Ground out 5-3 (Groundball, 56S)
José Esparza to second
Pinch Hitting: RHB Francisco Ibarra 0-0: Called Strike
0-1: Ball
1-1: Foul Ball, location: 2F
1-2: Foul Ball, location: 2F
1-2: Foul Ball, location: 2F
1-2: Ball
2-2: Ball
3-2: Fly out, F9 (Flyball, 9M)
Bottom of the 7th over - 0 run(s), 1 hit(s), 0 error(s), 1 left on base; Waba 4 - Allentown 5
TOP OF THE 8TH
Waba Ducks batting - Pitching for Allentown Hillbillies : LHP Alejandro Castillo
Now in CF: Francisco Ibarra
Batting: RHB Luis González 0-0: Called Strike
0-1: Ball
1-1: Ground out 4-3 (Groundball, 4M)
Batting: SHB Cisco Álvarez 0-0: Ball
1-0: SINGLE (Groundball, 34D)
Batting: RHB Don Keating 0-0: Ball
1-0: Ball
2-0: Ball
3-0: Called Strike
3-1: Base on Balls
Cisco Álvarez to second
Batting: LHB Javier Orozco 0-0: SINGLE (Groundball, 13) (infield hit)
Cisco Álvarez to third
Don Keating to second
Batting: RHB Chris Osborn 0-0: Swinging Strike
0-1: Ball
1-1: Swinging Strike
1-2: Strikes out swinging
Pitching: LHP Nick Merrit
Batting: LHB Terry White 0-0: Ball
1-0: Ball
2-0: DOUBLE (Line Drive, 8LD)
Cisco Álvarez scores
Don Keating scores
Javier Orozco to third
Runner from 3rd tries for Home, SAFE, no throw or cutoff
Batting: RHB Ed Small 0-0: Ground out 6-3 (Groundball, 6)
Top of the 8th over - 3 run(s), 3 hit(s), 0 error(s), 1 left on base; Waba 7 - Allentown 5
BOTTOM OF THE 8TH
Allentown Hillbillies batting - Pitching for Waba Ducks : RHP Martín Ortíz
Batting: RHB José Mora 0-0: Called Strike
0-1: Ball
1-1: DOUBLE (Line Drive, 5D)
Pitching: RHP Yodo Nakagawa
Batting: RHB Bartolo López 0-0: Ball
1-0: Foul Ball, location: 2F
1-1: SINGLE (Line Drive, 8LS)
José Mora to third
Batting: SHB Juan Acevado 0-0: Ball
1-0: Swinging Strike
1-1: Foul Ball, location: 2F
1-2: Strikes out swinging
Batting: RHB Joel Jackson 0-0: Foul Ball, location: 2F
0-1: Foul Ball, location: 2F
0-2: Ball
1-2: Ball
Wild Pitch!
José Mora scores
Bartolo López to second
2-2: Strikes out looking
Pinch Hitting: LHB Fernando Ramos 0-0: Ball
1-0: Ball
2-0: Ball
3-0: Base on Balls
Pitching: LHP Francisco Flores
Batting: LHB José Esparza 0-0: Foul Ball, location: 2F
0-1: Ball
1-1: Foul Ball, location: 2F
1-2: Ball
2-2: Ball
3-2: Foul Ball, location: 2F
3-2: Foul Ball, location: 2F
3-2: Fly out, F4 (Popup, 34D)
Bottom of the 8th over - 1 run(s), 2 hit(s), 0 error(s), 2 left on base; Waba 7 - Allentown 6
TOP OF THE 9TH
Waba Ducks batting - Pitching for Allentown Hillbillies : LHP Nick Merrit
Now at SS: António Yánez
Batting: RHB Ramón Torres 0-0: Called Strike
0-1: Ground out 6-3 (Groundball, 6)
Batting: RHB Tokuhei Kobayashi 0-0: Ground out 6-3 (Groundball, 6)
Batting: RHB Luis González 0-0: Called Strike
0-1: SINGLE (Line Drive, 56)
Batting: SHB Cisco Álvarez 0-0: Foul Ball, location: 2F
0-1: Swinging Strike
0-2: Strikes out swinging
Top of the 9th over - 0 run(s), 1 hit(s), 0 error(s), 1 left on base; Waba 7 - Allentown 6
BOTTOM OF THE 9TH
Allentown Hillbillies batting - Pitching for Waba Ducks : LHP Francisco Flores
Pitching: RHP Jared Cameron
Batting: SHB Oliver Deleón 0-0: Called Strike
0-1: Called Strike
0-2: Ball
1-2: Ground out 6-3 (Groundball, 6M)
Batting: RHB Millard Stark 0-0: Called Strike
0-1: Swinging Strike
0-2: Strikes out swinging
Batting: RHB Francisco Ibarra 0-0: Ball
1-0: Ball
2-0: Called Strike
2-1: Ball
3-1: Fly out, F4 (Popup, 3D)
Bottom of the 9th over - 0 run(s), 0 hit(s), 0 error(s), 0 left on base; Waba 7 - Allentown 6
This league is powered by Out of the Park Baseball, the baseball management simulation game for PC, Mac and Linux
Tuesday, August 2nd, 2016 - OOTP Baseball 16.8 Build 38